 Dungeon Crawl Stone Soup version 0.30.1-11-g7821555f0a (webtiles) character file.

Game seed: 16305721494796113563

62 lonewolfV2 the Covered (level 4, 0/38 HPs)
             Began as a Formicid Fighter on Nov 16, 2023.
             Slain by Natasha (2 damage)
             ... on level 3 of the Dungeon.
             The game lasted 00:01:32 (1364 turns).

lonewolfV2 the Covered (Formicid Fighter)           Turns: 1364, Time: 00:01:32

Health: 0/38       AC:  0    Str: 22    XL:     4   Next: 28%
Magic:  4/4        EV: 13    Int:  8    God:
Gold:   122        SH:  0    Dex: 13    Spells: 3/3 levels left

rFire   . . .        a - melded +0 war axe
rCold   . . .        c - melded +0 buckler
rNeg    . . .        b - melded +0 scale mail
rPois   .            (helmet unavailable)
rElec   .            (cloak currently unavailable)
rCorr   .            (gloves currently unavailable)
SInv    .            (boots currently unavailable)
Will    .....        (no amulet)
Stlth   +            g - melded +6 ring of strength
HPRegen 0.26/turn    f - melded ring of protection from fire
MPRegen 0.09/turn

%: no passive effects
@: pig-form (expiring), very quick
A: fast, no casting, permanent stasis, dig shafts and tunnels, small, (antennae
3), four strong arms
a: no special abilities


You were on level 3 of the Dungeon.
You were a filthy swine.
You visited 1 branch of the dungeon, and saw 3 of its levels.

You collected 122 gold pieces.

Inventory:

Hand Weapons
 a - a +0 war axe (melded)
Armour
 b - a +0 scale mail (melded)
 c - a +0 buckler (melded)
Jewellery
 f - a ring of protection from fire (melded)
 g - a +6 ring of strength (melded)
Potions
 d - a potion of might
 e - 2 potions of degeneration
 h - a potion of heal wounds {unknown}
 k - a potion of mutation
 l - a potion of curing {unknown}


   Skills:
 + Level 4.4 Fighting
 - Level 2.0 Axes
 + Level 4.4 Armour
 - Level 4.0 Shields


You had 3 spell levels left.
You didn't know any spells.
Your spell library contained the following spells:

 Spells                   Type           Power      Damage    Failure   Level
 Magic Dart               Conj           0%         1d3       41%         1
 Call Imp                 Summ           0%         N/A       54%         2
 Mephitic Cloud           Conj/Pois/Air  0%         N/A       78%         3


Dungeon Overview and Level Annotations

Branches:
Dungeon (3/15)

Altars:

Annotations:
D:3 Natasha


Innate Abilities, Weirdness & Mutations

You are a filthy swine.
You move quickly.
Your equipment is almost entirely melded.
You are incapable of wielding weapons or throwing items.
You cannot cast spells.
You cannot be hasted, slowed, berserked, paralysed or teleported.
You can dig through walls and to a lower floor.
((You have a pair of large antennae on your head. (SInv)))
Your four strong arms can wield two-handed weapons with a shield.


Message History

The hobgoblin is almost dead.
The hobgoblin closely misses you.
You hit the hobgoblin but do no damage.
The hobgoblin is almost dead.
The hobgoblin misses you.
You hit the hobgoblin but do no damage.
The hobgoblin is almost dead.
Natasha casts a spell.
You hit the hobgoblin.
You kill the hobgoblin!
Natasha stares at you and mumbles some strange words.
The magic dart hits you!
The cerulean imp hits you from afar with a +2 spear.
The cerulean imp misses you. Natasha casts a spell at you.
The magic dart hits you!
You see here a hobgoblin corpse.
You hit Natasha.
Natasha is lightly wounded.
The cerulean imp hits you from afar with a +1 spear.
The cerulean imp misses you.
You hit Natasha but do no damage.
Natasha is lightly wounded.
Natasha claws you.
* * * LOW HITPOINT WARNING * * *
You hit Natasha.
Natasha is moderately wounded.
The cerulean imp closely misses you.
The cerulean imp hits you from afar with a +1 spear.
* * * LOW HITPOINT WARNING * * *
Natasha closely misses you.
You hit Natasha.
Natasha is heavily wounded.
Your transformation is almost over.
The cerulean imp hits you from afar with a +1 spear.
* * * LOW HITPOINT WARNING * * *
The cerulean imp hits you from afar with a +2 spear.
* * * LOW HITPOINT WARNING * * *
Natasha claws you.
You die...

? { .. ### ... #..
.... #.# .....
#.#####.####5$....
#.........hh55....
#.#####.#####.....
#.# ....
###.###.>.. .
#..........
#.#........
#.#.####...
........#.# ..
.##........


You could see Natasha and 3 cerulean imps.

Vanquished Creatures
  A gnoll (D:1)
  An adder (D:2)
  A dart slug (D:1)
  An endoplasm (D:1)
  A giant cockroach (D:1)
  A goblin (D:2)
  6 hobgoblins
  4 jackals (D:1)
  4 quokkas
  2 ball pythons (D:1)
  4 bats
  5 frilled lizards
  6 kobolds
  5 rats
42 creatures vanquished.

Notes
Turn   | Place    | Note
-------+----------+-------------------------------------------
     0 | D:1      | lonewolfV2 the Formicid Fighter began the quest for the
                  | Orb.
     0 | D:1      | Reached XP level 1. HP: 18/18 MP: 1/1
     6 | D:1      | Noticed a komodo dragon
     6 | D:1      | Noticed an anaconda
     9 | D:1      | Noticed a black bear
     9 | D:1      | Noticed a hog
    77 | D:1      | Reached XP level 2. HP: 24/24 MP: 2/2
   192 | D:1      | Reached XP level 3. HP: 11/30 MP: 3/3
   854 | D:2      | Reached XP level 4. HP: 38/38 MP: 4/4
  1349 | D:3      | Noticed Natasha
  1364 | D:3      | Slain by Natasha

Illustrated notes

Levels and vault maps discovered:
D:1:      onia_arrival_zoo_common, layout_basic
D:2:      layout_loops_ring, minmay_pentomino_r2
D:3:      layout_loops_ring, lemuel_doored_altar, gammafunk_ghost_stat_death,
          uniq_jessica, uniq_natasha

Skill      XL: |  1  2  3 |
---------------+----------+-----
Fighting       | 4 |  4.4
Armour         | 4 |  4.4
Axes           | |  2.0
Shields        | |  4.0

Action                     |  1- 3 |  4- 6 || total
---------------------------+-------+-------++-------
  Melee: War axe           |    65 |    14 ||    79
         Unarmed           |       |     9 ||     9
    Use: Scroll            |     1 |     3 ||     4
 Armour: Scale mail        |    39 |     7 ||    46
  Dodge: Dodged            |    40 |    14 ||    54
  Block: Buckler           |    20 |     1 ||    21
